Unix NetHack Version 5.0.0-0 post-release - last build Jun 10 2026 00:39:30 (3ee93aec679c4c4259841fe613dc97188e26a321,branch:main).

Game began 2026-06-28 16:21:33, ended 2026-06-28 16:52:43.

DiePARTEI, neutral male human Tourist

                               ------------
                               +...........
                               |..........|####
                               |.....[.....#####
                               |.<........|  # #
                               |..........|    ####
                               ------------    ###-------+-----       ------
                                                ##|a........`.|       |....|
                                                 #-@..........|       |....|
                                                 #|............#######.....|
                                                  -------------       |....|
                                                                      |....|
                                                                      +....|
                                                                      ------

DiePARTEI the Sightseer     St:12 Dx:12 Co:18 In:11 Wi:10 Ch:15  Neutral
Dlvl:9  $:979 HP:0(61) Pw:20(20) AC:-2 Xp:5 T:2738  Burdened

Latest messages:
 The soldier ant stings!
 In what direction? 4
 The dart hits the soldier ant!
 The soldier ant bites!
 The soldier ant stings!
 The soldier ant bites!
 The soldier ant misses!
 What do you want to drink? [orM or ?*] ?
 You feel better.
 The soldier ant bites!
 The soldier ant stings!
 What do you want to drink? [orM or ?*] r
 You feel better.
 The soldier ant just misses!
 The soldier ant stings!
 The soldier ant just misses!
 The soldier ant misses!
 The soldier ant misses!
 The soldier ant stings!
 What do you want to drink? [orM or ?*] r
 You feel better.
 The soldier ant bites!
 The soldier ant just misses!
 What do you want to drink? [oM or ?*] r
 You don't have that object.
 What do you want to drink? [oM or ?*] <enter>
 Never mind.
 What do you want to use or apply? [dklntuwzFHNP or ?*] k
 In what direction? 4
 The soldier ant is blinded by the flash!
 The soldier ant turns to flee.
 You see here 7 +2 darts.
 You have a little trouble lifting a - 7 +2 darts (at the ready) (12 in total).
 The soldier ant bites!
 The soldier ant stings!
 What do you want to use or apply? [dklntuwzFHNP or ?*] k
 In what direction? 4
 The soldier ant is blinded by the flash!
 The soldier ant bites!
 The soldier ant stings!
 The soldier ant bites!
 The soldier ant stings!
 The soldier ant misses!
 The soldier ant stings!
 You die...
 Do you want your possessions identified? [ynq] (y) y
 Do you want to see your attributes? [ynq] (y) y
 Do you want an account of creatures vanquished? [ynaq] (y) y
 Do you want to see your conduct and achievements? [ynq] (y) y
 Do you want to see the dungeon overview? [ynq] (y) y

Inventory:
 Coins    ('$')
  $ - 979 gold pieces
 Amulets  ('"')
  Q - an uncursed amulet of guarding (being worn)
 Weapons  (')')
  a - 12 +2 darts (at the ready)
  x - 22 +0 darts
  y - a poisoned +0 dart
  G - 2 +0 elven daggers
 Armor    ('[')
  T - an uncursed +0 orcish helm (being worn)
  K - an uncursed +0 pair of water walking boots (being worn)
  R - a cursed +0 cloak of magic resistance (being worn)
  j - an uncursed +0 Hawaiian shirt with a parrot motif (being worn)
  D - a cursed +0 plate mail (being worn)
 Comestibles  ('%')
  f - an uncursed banana
  d - an uncursed cream pie
  e - 4 uncursed food rations
  c - an uncursed fortune cookie
  b - an uncursed tripe ration
  O - an uncursed lizard corpse
 Scrolls  ('?')
  v - an uncursed scroll of enchant weapon
  i - 4 uncursed scrolls of magic mapping
  W - a cursed scroll of remove curse
  U - a cursed scroll of teleportation
 Potions  ('!')
  M - an uncursed potion of restore ability
  o - a cursed potion of restore ability
 Rings    ('=')
  S - an uncursed ring of invisibility
  s - a cursed ring of shock resistance
 Wands    ('/')
  N - a wand of digging (0:4)
  H - a cursed wand of lightning (0:5)
  w - a wand of sleep (0:2)
  n - a wand of striking named empty (0:0)
 Tools    ('(')
  t - an empty uncursed sack
  l - an uncursed credit card
  k - an expensive camera (0:78)
  u - a magic marker (0:21)
  z - a cursed magic marker (0:66)
  P - an uncursed pair of lenses (being worn)
  F - an uncursed tin whistle
 Gems/Stones  ('*')
  C - an uncursed worthless piece of red glass

DiePARTEI the Tourist's attributes:

Background:
 You were a Sightseer, a level 5 male human Tourist.
 You were neutral, on a mission for The Lady
 who was opposed by Blind Io (lawful) and Offler (chaotic).
 You were right-handed.
 You were in the Dungeons of Doom, on level 9.
 You entered the dungeon 2738 turns ago.
 You had 302 experience points, 18 more were needed to attain level 6.

Basics:
 You had 0 out of 61 hit points.
 You had all 20 energy points (spell power).
 Your armor class was -2.
 Your wallet contained 979 zorkmids.
 Autopickup was off.

Final Characteristics:
 Your strength was 12 (peak:13, limit:18/100).
 Your dexterity was 12 (limit:18).
 Your constitution was 18 (limit:18).
 Your intelligence was 11 (limit:18).
 Your wisdom was 10 (limit:18).
 Your charisma was 15 (limit:18).

Final Status:
 You weren't hungry.
 You were burdened; movement was slightly slowed.
 You were bare handed.
 You had basic skill with bare handed combat.

Final Attributes:
 You were piously aligned.
 You were magic-protected.
 You were poison resistant.
 You could walk on water.
 You had a small defense bonus (+2).
 You were protected.
 Your spell casting was impaired by metallic armor.
 You are dead.

Miscellaneous:
 You encountered 1 bones level.
 Total elapsed playing time was 31 minutes and 8 seconds.

Major events:
 Turn
    1: DiePARTEI the neutral male human Tourist entered the dungeon
 1059: attained the rank of Sightseer (level 3)
 1179: entered the Gnomish Mines
 2029: stole 3909 zorkmids worth of merchandise from Sneem's second-hand bookstore
 2738: killed by a soldier ant

Spells:
 Name                 Level Category     Fail Retention
 light                  1   divination   100%  76%-100%
 detect food            2   divination   100%  76%-100%

Skills:
 Fighting Skills
   bare handed combat [Basic]
   two weapon combat  [Unskilled]
   riding             [Unskilled]
 Weapon Skills
   dagger             [Unskilled]
   knife              [Unskilled]
   axe                [Unskilled]
   pick-axe           [Unskilled]
   short sword        [Unskilled]
   broadsword         [Unskilled]
   long sword         [Unskilled]
   two-handed sword   [Unskilled]
   saber              [Unskilled]
   mace               [Unskilled]
   morning star       [Unskilled]
   flail              [Unskilled]
   hammer             [Unskilled]
   quarterstaff       [Unskilled]
   polearms           [Unskilled]
   spear              [Unskilled]
   trident            [Unskilled]
   lance              [Unskilled]
   bow                [Unskilled]
   sling              [Unskilled]
   crossbow           [Unskilled]
   dart               [Basic]
   shuriken           [Unskilled]
   boomerang          [Unskilled]
   whip               [Unskilled]
   unicorn horn       [Unskilled]
 Spellcasting Skills
   divination spells  [Unskilled]
   enchantment spells [Unskilled]
   escape spells      [Unskilled]

Voluntary challenges:
 Character rerolling was not enabled.
 You never hit with a wielded weapon.
 You never genocided any monsters.
 You never polymorphed an object.
 You never changed form.
 You used no wishes.
Achievements:
 You attained the rank of Sightseer.
 You entered the Gnomish Mines.
 You entered a shop.

 The Dungeons of Doom: levels 1 to 9
    Level 1:
    Level 2:
       A fountain.
    Level 3:
    Level 4:
       A fountain.
       Stairs down to The Gnomish Mines.
    Level 5:
       A fountain.
    Level 6:
       A scroll shop, a grave.
       Final resting place for
          jorgejarai-Wiz-Gno-Fem-Neu, killed by a small mimic.
    Level 7:
       An armor shop, a fountain.
    Level 9: <- You were here.
       Final resting place for
          you, killed by a soldier ant.
 The Gnomish Mines:
    Level 5:


Vanquished creatures:
  a giant beetle
 an orc-captain
  a lizard
  a rock mole
  a yellow light
  a floating eye
  2 homunculi
  a centipede
  a giant bat
  4 acid blobs
  2 hobbits
  a large kobold
  a giant rat
  a yellow mold
  2 gnomes
  4 Keystone Kops
  a garter snake
  4 geckos
  2 jackals
  2 goblins
  3 sewer rats
  6 grid bugs
  a lichen
  a kobold zombie
  5 newts
50 creatures vanquished.

No species were genocided or became extinct.

Game over:
                       ----------
                      /          \
                     /    REST    \
                    /      IN      \
                   /     PEACE      \
                  /                  \
                  |    DiePARTEI     |
                  |      979 Au      |
                  |   killed by a    |
                  |   soldier ant    |
                  |                  |
                  |                  |
                  |       2026       |
                 *|     *  *  *      | *
        _________)/\\_//(\/(/\)/\//\/|_)_______

Aloha DiePARTEI the Tourist...

You died in The Dungeons of Doom on dungeon level 9 with 1853 points,
and 979 pieces of gold, after 2738 moves.
You were level 5 with a maximum of 61 hit points when you died.

